Unix NetHack Version 5.0.0-0 post-release - last build May 31 2026 23:59:36 (970b52f25bf058293b47ddfd14a1e40e571c508c,branch:main).

Game began 2026-06-01 17:57:29, ended 2026-06-01 18:06:29.

Hellbent, neutral male gnomish Healer

                                                                 ---------
                                             -----               |.......|
                                            #|...|               |..d....|
                                          ###-...|               |.......|
                                    ####### #|....#            ##........|
                                             |.<.|#            # -------|-
                                             -----#            #       ##
                                                 ##            #       #
                                                  ##           #       #
                                                   ##          #     ###
                                              #     #          #     #
                                      --------##################    -|--------
                                      |......-#     # #-------##    |..._....|
                    ----------.-  @:##....>..|    #####|.....|##    |........|
                    |...)).....-#i#   |......|##### ###-.....-#     |........|
                    |..>.......|      |......|         |..{..|#     |........|
                    |..........|      --------         |.....|######.........|
                    ------------                       -------      ----------

Hellbent the Rhizotomist     St:12 Dx:8 Co:16 In:7 Wi:17 Ch:16  Neutral
Dlvl:4  $:1651 HP:0(15) Pw:4(4) AC:5  Xp:1 T:1482 

Latest messages:
 You hear some noises.
 It misses the kitten.
 The little dog misses it.
 The little dog bites the newt.
 The newt is killed!
 You hear some noises.
 The gnome lord wields a thonged club!
 The gnome lord secures the tether on the thonged club.
 The little dog shudders for a moment.
 The gnome lord shudders for a moment.
 The orc zombie hits!
 You already found a monster.  Use 'm' prefix to force another search.
 Pick a monster, object or location.
 You already found a monster.  Use 'm' prefix to force another search.
 You step onto a level teleport trap!
 You feel disoriented.
 You materialize on a different level!
 What do you want to use or apply? [f-ilps or ?*] <esc>
 Never mind.
 You feel less confused now.
 You kill the newt!
 You descend the stairs.
 You hear bubbling water.
 You descend the stairs.
 The gecko bites!
 In what direction? h
 The dart misses the homunculus.
 In what direction? h
 The dart misses the homunculus.
 You miss the homunculus.
 The homunculus bites!
 You hit the homunculus.
 The homunculus misses!
 You hit the homunculus.
 The homunculus bites!
 You are put to sleep by the homunculus!
 The homunculus bites!
 The gecko bites!
 The homunculus bites!
 The gecko bites!
 The homunculus bites!
 The homunculus bites!
 The gecko bites!
 The homunculus bites!
 You die...
 Do you want your possessions identified? [ynq] (y) n
 Do you want to see your attributes? [ynq] (y) n
 Do you want an account of creatures vanquished? [ynaq] (y) n
 Do you want to see your conduct and achievements? [ynq] (y) y
 Do you want to see the dungeon overview? [ynq] (y) n

Inventory:
 Coins    ('$')
  $ - 1651 gold pieces
 Amulets  ('"')
  t - a cursed amulet of change
 Weapons  (')')
  r - 20 +0 darts (at the ready)
  a - a blessed +0 scalpel (weapon in right hand)
 Armor    ('[')
  b - an uncursed +1 pair of leather gloves (being worn)
  o - an uncursed +0 studded leather armor (being worn)
 Comestibles  ('%')
  j - 6 uncursed apples
  k - 4 uncursed food rations
 Scrolls  ('?')
  m - an uncursed scroll of charging
 Spellbooks  ('+')
  h - a blessed spellbook of extra healing
  g - a blessed spellbook of healing
  i - a blessed spellbook of stone to flesh
 Potions  ('!')
  e - 4 uncursed potions of extra healing
  d - an uncursed potion of healing
 Wands    ('/')
  l - a wand of digging (0:4)
  f - a wand of sleep (0:4)
 Tools    ('(')
  p - a cursed can of grease (0:9)
  s - an uncursed stethoscope

Hellbent the Healer's attributes:

Background:
 You were a Rhizotomist, a level 1 male gnomish Healer.
 You were neutral, on a mission for Hermes
 who was opposed by Athena (lawful) and Poseidon (chaotic).
 You were right-handed.
 You were in the Dungeons of Doom, on level 4.
 You entered the dungeon 1482 turns ago.
 There was a full moon in effect when your adventure ended.
 You had 12 experience points, 8 more were needed to attain level 2.

Basics:
 You had 0 out of 15 hit points.
 You had all 4 energy points (spell power).
 Your armor class was 5.
 Your wallet contained 1651 zorkmids.
 Autopickup was off.

Final Characteristics:
 Your strength was 12 (limit:18/50).
 Your dexterity was 8 (limit:18).
 Your constitution was 16 (limit:18).
 Your intelligence was 7 (limit:19).
 Your wisdom was 17 (limit:18).
 Your charisma was 16 (limit:18).

Final Status:
 You weren't hungry.
 You were unencumbered.
 You were wielding a knife.
 You had basic skill with knife.

Final Attributes:
 You were devoutly aligned.
 You were poison resistant.
 You had infravision.
 You were warded.
 You were lucky.
 You are dead.

Miscellaneous:
 You didn't encounter any bones levels.
 Total elapsed playing time was 8 minutes and 59 seconds.

Major events:
 Turn
    1: Hellbent the neutral male gnomish Healer entered the dungeon
  967: entered the Gnomish Mines
 1482: killed by a homunculus, while sleeping

Spells:
 Name                 Level Category     Fail Retention
 healing                1   healing        0%  91%-100%
 extra healing          3   healing       47%  91%-100%
 stone to flesh         3   healing       58%  91%-100%

Skills:
 Fighting Skills
   bare handed combat [Unskilled]
 Weapon Skills
   dagger             [Unskilled]
   knife              [Basic]
   short sword        [Unskilled]
   saber              [Unskilled]
   club               [Unskilled]
   mace               [Unskilled]
   quarterstaff       [Unskilled]
   polearms           [Unskilled]
   spear              [Unskilled]
   trident            [Unskilled]
   sling              [Unskilled]
   dart               [Unskilled]
   shuriken           [Unskilled]
   unicorn horn       [Unskilled]
 Spellcasting Skills
   healing spells     [Basic]

Voluntary challenges:
 Character rerolling was not enabled.
 You never genocided any monsters.
 You never polymorphed an object.
 You never changed form.
 You used no wishes.
Achievements:
 You entered a shop.
 You entered the Gnomish Mines.

 The Dungeons of Doom: levels 1 to 5
    Level 1:
       A fountain.
    Level 2:
       A general store.
    Level 3:
       A scroll shop, an altar, some fountains, a grave.
    Level 4: <- You were here.
       An altar, a fountain.
       Stairs down to The Gnomish Mines.
       Final resting place for
          you, killed by a homunculus, while sleeping.
    Level 5:
 The Gnomish Mines:
    Level 5:


Vanquished creatures:
  a homunculus
  a large kobold
  a giant rat
  a cave spider
  2 gnomes
  a goblin
  a kobold zombie
  6 newts
14 creatures vanquished.

No species were genocided or became extinct.

Game over:
                       ----------
                      /          \
                     /    REST    \
                    /      IN      \
                   /     PEACE      \
                  /                  \
                  |     Hellbent     |
                  |     1651 Au      |
                  |   killed by a    |
                  |    homunculus    |
                  |                  |
                  |                  |
                  |       2026       |
                 *|     *  *  *      | *
        _________)/\\_//(\/(/\)/\//\/|_)_______

Goodbye Hellbent the Healer...

You died in The Dungeons of Doom on dungeon level 4 with 288 points,
and 1651 pieces of gold, after 1482 moves.
You were level 1 with a maximum of 15 hit points when you died.

